 Dungeon Crawl Stone Soup version 0.27.1-16-g815e20cd7a (webtiles) character file.

Game seed: 17467810890403946447

1738 Descartes the Nimble (level 8, -3/33 HPs)
             Began as a Felid Warper on Nov 22, 2021.
             Slain by an orc warrior (12 damage)
             ... in a bailey.
             The game lasted 00:33:26 (12145 turns).

Descartes the Nimble (Felid Warper)                Turns: 12145, Time: 00:33:29

Health: -3/33      AC:  6    Str: 10    XL:     8   Next: 77%
Magic:  12/12      EV: 25    Int: 14    God:
Gold:   263        SH:  5    Dex: 16    Spells: 1/13 levels left
                                        Lives:  0   Deaths: 2

rFire    . . .     SeeInvis +     - Unarmed
rCold    . . .     Faith    .   (shield unavailable)
rNeg     . . .     Spirit   .   (armour unavailable)
rPois    .         Reflect  +   (helmet unavailable)
rElec    .         Harm     .   (cloak unavailable)
rCorr    .         Rampage  .   (gloves unavailable)
Will     +....     Rnd*Rage +   (boots unavailable)
Stlth    +.........             e - amulet of reflection
HPRegen  0.11/turn              f - +4 ring of protection
MPRegen  0.13/turn              (no ring)

@: on berserk cooldown, slowed, studying Earth Magic, slow
A: very small, claws 1, fangs 3, see invisible, speed 1, shaggy fur 2, stealthy
paws, no weapons or thrown items, no armour, multi-lived, horns 1, berserk 1,
low mp 1
a: no special abilities


You were in a bailey.
You visited 1 branch of the dungeon, and saw 7 of its levels.
You also visited: Bailey.

You collected 263 gold pieces.

Inventory:

Missiles
 b - 187 stones
Jewellery
 e - an amulet of reflection (around neck)
 f - a +4 ring of protection (left paw)
Wands
 q - a wand of flame (9)
 u - a wand of paralysis (4)
 w - a wand of acid (4)
Scrolls
 a - 2 scrolls of blinking
 c - a scroll of vulnerability
 k - 2 scrolls of fog
 m - a scroll of enchant weapon {unknown}
 o - 2 scrolls of noise
 v - a scroll of summoning {unknown}
Potions
 d - 2 potions of haste
 h - a potion of brilliance
 i - a potion of attraction
 r - a potion of degeneration {unknown}
 t - a potion of curing {unknown}


   Skills:
 - Level 2.0 Fighting
 - Level 12.0 Dodging
 + Level 7.4 Unarmed Combat
 - Level 3.0 Spellcasting
 - Level 10.0 Translocations
 - Level 5.0 Evocations


You had one spell level left.
You knew the following spells:

 Your Spells              Type           Power      Damage    Failure   Level
a - Blink                 Tloc           N/A        N/A       1%          2
b - Manifold Assault      Tloc           30%        N/A       10%         5
c - Irradiate             Conj/Tmut      1%         3d13      99%         5

Your spell library contained the following spells:

 Spells                   Type           Power      Damage    Failure   Level
 Magic Dart               Conj           8%         1d3       22%         1
 Gell's Gravitas          Tloc           15%        N/A       1%          3
 Lesser Beckoning         Tloc           15%        N/A       1%          3
 Teleport Other           Tloc           30%        N/A       1%          3
 Iskenderun's Mystic Bla  Conj/Tloc      16%        2d5       26%         4
 Call Imp                 Summ           2%         N/A       32%         2
 Dazzling Flash           Conj/Hex       4%         N/A       54%         3
 Mephitic Cloud           Conj/Pois/Air  2%         N/A       54%         3
 Blade Hands              Tmut           1%         N/A       99%         5
 Starburst                Conj/Fire      1%         6d3       100%        6
 Dragon Form              Tmut           1%         N/A       100%        7


Dungeon Overview and Level Annotations

Branches:
Dungeon (7/15)             Temple (0/1) D:7          Bailey (1/1)

Altars:
Elyvilon
Ru
Trog
Wu Jian
Xom

Annotations:
D:6 2 transporters, Vivir's ghost, novice MiFi


Innate Abilities, Weirdness & Mutations

You have sharp claws.
You have razor-sharp teeth.
You have supernaturally acute eyesight. (SInv)
You cover ground quickly. (Speed+)
You are covered in thick fur. (AC +2)
Your paws help you pounce on unaware monsters.
You are incapable of wielding weapons or throwing items.
You cannot wear armour.
You gain extra lives every three experience levels.
You have a pair of small horns on your head.
You tend to lose your temper in combat.
Your magical capacity is low. (-10% MP)


Message History

Items here: )))) [[[[.
You are too berserk!
Unknown command.
You are too injured to fight recklessly!
You see here a +0 hand axe.
You mangle the goblin!!
You kill the goblin!
The orc warrior completely misses you.
You barely miss the orc warrior. Your bite misses the orc warrior.
The orc warrior misses you.
You miss the orc warrior. The orc warrior closely misses you.
The goblin shouts!
You claw the orc warrior! You headbutt the orc warrior.
The orc warrior is heavily wounded.
The orc warrior closely misses you.
You closely miss the orc warrior. Your bite misses the orc warrior.
The orc warrior is heavily wounded.
The orc warrior closely misses you. You block the orc warrior's attack.
You barely miss the orc warrior.
The orc warrior is heavily wounded.
The orc warrior misses you.
You claw the orc warrior!
The orc warrior is severely wounded.
The orc warrior misses you.
You miss the orc warrior.
The orc warrior is severely wounded.
You block the orc warrior's attack.
You claw the orc warrior!
You kill the orc warrior!
An orc warrior comes into view. It is wielding a +0 war axe.
A hobgoblin comes into view. It is wielding a +0 hand axe.
Training target 12.0 for Dodging reached!
Your Dodging skill increases to level 12!
The hobgoblin shouts!
You scratch the orc warrior but do no damage.
You are no longer berserk.
You are exhausted.
You feel yourself slow down.
The orc warrior hits you with a +0 battleaxe!
You die...

.. .g.## ♣♣♣♣♣♣ #'#.###
♣....♣♣
###.....###♣♣♣.....♣
##....g....##.......♣♣
#........g..#........♣
#..........[o))......♣
#.....o....)g@)∩)∩..♣♣
#........).[)[.))....♣
#.......)...#...)....♣
###...g.....##...)...♣♣
###.###.....###♣.♣.....♣
#.....#'#.### ♣♣♣♣.♣♣♣♣
......))### ♣♣♣
.........# ....))...#


You could see 2 orc warriors, 2 hobgoblins and a goblin.

Vanquished Creatures
  Prince Ribbit (D:5)
  Grinder (D:5)
  Sigmund (D:3)
  A water moccasin (D:5)
  2 ice beasts
  8 orc warriors (Bailey)
  Purgy (D:2)
  2 ogres
  2 centaurs (D:5)
  Blork the orc (D:5)
  A gnoll sergeant (D:6)
  5 scorpions
  3 water moccasin skeletons
  6 killer bees
  A howler monkey (D:6)
  A bullfrog zombie (D:7)
  A centaur zombie (D:5)
  3 hounds
  Ijyb (D:4)
  A gnoll shaman (D:4)
  3 orc priests
  A bullfrog skeleton (D:6)
  Jessica (D:2)
  2 iguanas (D:5)
  A hound skeleton (D:4)
  15 gnolls
  6 adders
  A white imp (D:7)
  An ufetubus (D:4)
  An adder skeleton (D:5)
  5 worms
  3 dart slugs
  14 orcs
  7 endoplasms
  3 giant cockroaches
  35 goblins
  17 hobgoblins
  8 jackals
  4 quokkas
  6 ball pythons
  7 bats
  10 frilled lizards
  6 kobolds
  8 rats
208 creatures vanquished.

Notes
Turn   | Place    | Note
-------+----------+-------------------------------------------
     0 | D:1      | Descartes the Felid Warper began the quest for the Orb.
     0 | D:1      | Reached XP level 1. HP: 9/9 MP: 4/4
   133 | D:1      | Reached XP level 2. HP: 11/13 MP: 6/6
   712 | D:2      | Reached skill level 5 in Translocations
   747 | D:2      | Reached XP level 3. HP: 14/16 MP: 7/7
   769 | D:2      | Reached skill level 4 in Dodging
  1635 | D:2      | Reached XP level 4. HP: 16/19 MP: 8/8
  1758 | D:2      | Noticed Jessica
  1764 | D:2      | Killed Jessica
  1770 | D:2      | Learned a level 2 spell: Blink
  2164 | D:3      | Noticed Purgy
  2479 | D:3      | Noticed an ice beast
  3423 | D:3      | Reached XP level 5. HP: 22/22 MP: 9/9
  3432 | D:3      | Reached skill level 5 in Dodging
  3442 | D:3      | Learned a level 5 spell: Manifold Assault
  3545 | D:3      | Reached skill level 1 in Evocations
  4123 | D:3      | Noticed Sigmund
  4375 | D:3      | Killed Sigmund
  4376 | D:3      | Gained mutation: You are covered in thick fur. (AC +2)
                  | [Felid growth]
  4376 | D:3      | Reached XP level 6. HP: 23/26 MP: 10/10
  5065 | D:3      | Found a faded altar of an unknown god.
  5769 | D:4      | Found a sacrificial altar of Ru.
  5784 | D:4      | Reached skill level 6 in Dodging
  5784 | D:4      | Reached XP level 7. HP: 11/30 MP: 11/11
  6806 | D:2      | Killed Purgy
  7353 | D:4      | Noticed Ijyb
  7469 | D:4      | Killed Ijyb
  7470 | D:4      | Reached skill level 5 in Unarmed Combat
  7575 | D:5      | Entered Level 5 of the Dungeon
  7800 | D:5      | Noticed Grinder
  7817 | D:5      | Reached skill level 7 in Dodging
  7819 | D:5      | Killed Grinder
  7820 | D:5      | Reached XP level 8. HP: 31/33 MP: 12/12
  7859 | D:5      | Reached skill level 8 in Dodging
  7859 | D:5      | Reached skill level 5 in Evocations
  8393 | D:5      | Reached skill level 9 in Dodging
  8445 | D:5      | Slain by an iguana
  8446 | D:5      | Reached XP level 7. HP: -2/30 MP: 11/11
  8585 | D:5      | Noticed Blork the orc
  8599 | D:5      | Killed Blork the orc
  8938 | D:5      | Reached XP level 8. HP: 32/33 MP: 12/12
  8981 | D:5      | Reached skill level 10 in Dodging
  9343 | D:6      | Noticed Prince Ribbit
  9353 | D:5      | Gained mutation: You are frail. (-10% HP) [potion of
                  | mutation]
  9353 | D:5      | Gained mutation: Your muscles are strong. (Str +2) [potion
                  | of mutation]
  9596 | D:5      | Lost mutation: Your muscles are strong. (Str +2) [potion of
                  | mutation]
  9596 | D:5      | Lost mutation: You are frail. (-10% HP) [potion of
                  | mutation]
  9596 | D:5      | Gained mutation: You tend to lose your temper in combat.
                  | [potion of mutation]
  9596 | D:5      | Gained mutation: Your magical capacity is low. (-10% MP)
                  | [potion of mutation]
  9596 | D:5      | Gained mutation: You have a pair of small horns on your
                  | head. [potion of mutation]
  9765 | D:5      | Killed Prince Ribbit
  9766 | D:5      | Reached skill level 10 in Translocations
 10073 | D:6      | Found a shimmering altar of Xom.
 10132 | D:6      | Found a white marble altar of Elyvilon.
 10164 | D:6      | Found a transporter.
 10176 | D:6      | Noticed Vivir's ghost (novice MiFi)
 10191 | D:6      | Found a transporter.
 10506 | D:6      | Found a bloodstained altar of Trog.
 10515 | D:6      | Found an ornate altar of the Wu Jian Council.
 10931 | D:7      | Reached XP level 9. HP: 36/36 MP: 13/13
 10966 | D:6      | Reached skill level 11 in Dodging
 11157 | D:7      | Found a flagged portal.
 11175 | Bailey   | Entered a bailey
 11260 | Bailey   | Learned a level 5 spell: Irradiate
 11543 | Bailey   | HP: 1/36 [orc warrior (19)]
 11550 | Bailey   | Mangled by an orc warrior
 11551 | Bailey   | Reached XP level 8. HP: -7/33 MP: 12/12
 12145 | Bailey   | Reached skill level 12 in Dodging
 12145 | Bailey   | Slain by an orc warrior

Illustrated notes

Levels and vault maps discovered:
D:1:      ncdulo_smallfort, layout_rooms, serial_glass, glass_columns_b,
          glass_columns_b, glass_columns_b, glass_columns_a
D:2:      minmay_diamond_boxcup, layout_loops_cross, uniq_jessica
D:3:      minmay_recursive_quarters, layout_loops_ring,
          shapermc_ecumenical_altar_hornbeckon, uniq_sigmund, uniq_purgy
D:4:      kennysheep_the_goblin_king, layout_cave_pools,
          mainiacjoe_overflow_six_doors_small, roderic_lattice_a
D:5:      layout_basic, minmay_manual_mares, uniq_grinder, uniq_ijyb,
          uniq_blork_the_orc
D:6:      layout_rooms, lemuel_crystal_altar, mainiacjoe_overflow_paths,
          mainiacjoe_overflow_swirl, gammafunk_ghost_mausoleum,
          uniq_prince_ribbit1
D:7:      layout_cave_pods, nicolae_dithmenos_the_darkroom,
          minmay_temple_entry_slanted, enter_bailey_3, serial_undead,
          serial_undead_e, serial_undead_a, serial_undead_c, serial_undead_d
Bailey:   bailey_axe_minmay_hex_keep, bailey

Skill      XL: |  1  2  3  4  5  6  7  8  9 |
---------------+----------------------------+-----
Translocations | 5 6 7 9 10 | 10.0
Dodging        | 4 5 6 7 12 11 | 12.0
Unarmed Combat | 3 4 5 7 |  7.4
Evocations     | 2 4 5 |  5.0
Spellcasting   | 3 |  3.0
Fighting       | |  2.0

Action                   |  1- 3 |  4- 6 |  7- 9 || total
-------------------------+-------+-------+-------++-------
Melee: Unarmed           |   148 |   239 |   559 ||   946
       Bite              |    10 |    19 |    41 ||    70
       Punch             |       |     3 |     9 ||    12
       Headbutt          |       |       |    58 ||    58
 Cast: Manifold Assault  |       |       |    16 ||    16
Evoke: Wand              |       |     7 |    20 ||    27
  Use: Potion            |       |     1 |     9 ||    10
       Scroll            |       |       |     7 ||     7
 Stab: Sleeping          |     2 |     4 |     1 ||     7
       Invisible         |       |       |     2 ||     2
Armor: Skin              |    18 |    41 |    36 ||    95
Dodge: Dodged            |    99 |   195 |   467 ||   761
Block: Other             |    22 |    63 |   147 ||   232
       Reflection        |       |     1 |     6 ||     7
